 Dungeon Crawl Stone Soup version 0.28.0-53-g5a82cb258f (webtiles) character file.

Game seed: 2352863690076466645

1049 buhh the Chiller (level 8, 0/54 HPs)
             Began as an Octopode Transmuter on June 16, 2022.
             Slain by Eustachio
             ... wielding a +3 rapier of venom
              (12 damage)
             ... on level 5 of the Dungeon.
             The game lasted 00:20:22 (6613 turns).

buhh the Chiller (Octopode Transmuter)              Turns: 6613, Time: 00:20:23

Health: 0/54       AC:  1    Str: 14 (16) XL:     8   Next: 25%
Magic:  9/11       EV: 13    Int: 14 (17) God:
Gold:   198        SH:  0    Dex: 11 (12) Spells: 1/11 levels left

rFire   . . .      SeeInvis .     - Unarmed
rCold   . . .      Faith    .   (no shield)
rNeg    . . .      Spirit   .   (helmet currently unavailable)
rPois   .          Reflect  .   (no amulet)
rElec   .          Harm     .   d - +6 ring of strength
rCorr   .          Rampage  .   (no ring)
Will    .....                   (no ring)
Stlth   ++........              (no ring)
HPRegen 0.18/turn               (no ring)
MPRegen 0.12/turn               (no ring)
                                (no ring)
                                (no ring)

@: lethally poisoned (0 -> -11), appendages
A: tentacle spike 3, almost no armour, amphibious, 8 rings, camouflage 1,
gelatinous body 1, (nimble swimmer 1), tentacles
a: End Transformation


You were on level 5 of the Dungeon.
One of your tentacles had grown a beastly spike.
You visited 1 branch of the dungeon, and saw 6 of its levels.

You collected 198 gold pieces.

Inventory:

Missiles
 i - 4 poisoned darts
Jewellery
 d - a +6 ring of strength (left tentacle)
Wands
 f - a wand of flame (2)
 h - a wand of charming (12)
Scrolls
 o - 2 scrolls of identify {unknown}
 t - 3 scrolls of teleportation {!d}
 P - a scroll of magic mapping {!r!d}
 Z - a scroll of enchant armour
Potions
 a - 2 potions of degeneration
 b - a potion of ambrosia {unknown}
 c - 3 potions of berserk rage {unknown}
 e - 2 potions of resistance {!q!d}
 g - 2 potions of invisibility {unknown}
 j - 3 potions of curing {unknown}
 k - a potion of mutation {unknown}
 l - 2 potions of cancellation {unknown}
 m - 2 potions of might {unknown}
 n - a potion of lignification {unknown}
 p - a potion of attraction {unknown}


   Skills:
 - Level 4.0 Fighting
 - Level 2.0 Dodging
 - Level 1.0 Stealth
 - Level 5.0 Unarmed Combat
 - Level 2.0 Spellcasting
 - Level 5.0 Transmutations
 * Level 5.5 Ice Magic


You had one spell level left.
You knew the following spells:

 Your Spells              Type           Power      Damage    Failure   Level
a - Beastly Appendage     Tmut           30%        N/A       3%          1
b - Wereblood             Tmut           15%        N/A       4%          2
c - Spider Form           Tmut/Pois      8%         N/A       26%         3
d - Ice Form              Ice/Tmut       16%        N/A       26%         4

Your spell library contained the following spells:

 Spells                   Type           Power      Damage    Failure   Level
 Shock                    Conj/Air       4%         1d3       24%         1
 Sublimation of Blood     Necr           1%         N/A       34%         2
 Swiftness                Air            1%         N/A       56%         3
 Petrify                  Tmut/Erth      8%         N/A       63%         4
 Airstrike                Air            0%         N/A       93%         4
 Irradiate                Conj/Tmut      4%         3d15      93%         5


Dungeon Overview and Level Annotations

Branches:
Dungeon (6/15)
 Temple: D:4-7

Altars:
Ashenzari
Fedhas
Makhleb

Annotations:
D:2 Sigmund
D:5 Eustachio


Innate Abilities, Weirdness & Mutations

One of your tentacles has grown a beastly spike.
You cannot wear most types of armour.
You are amphibious.
You can wear up to eight rings at the same time.
Your skin changes colour to match your surroundings (Stealth+).
Your rubbery body absorbs attacks. (AC +1, EV +1)
((You are camouflaged when in or above water. (Stealth+)))
You have tentacles for arms and can constrict up to eight enemies at once.


Message History

You are poisoned.
You bite Eustachio!
Eustachio is moderately wounded.
You feel very sick. Eustachio completely misses you.
Casting: Spider Form (quite dangerous; 41% risk of failure)
Confirm with . or Enter, or press ? or * to list all spells.
Okay, then.
Casting: Spider Form (quite dangerous; 41% risk of failure)
Confirm with . or Enter, or press ? or * to list all spells.
Okay, then.
Casting: Beastly Appendage (safe; 10% risk of failure)
Press: ? - help, Q - select action, (/) - cycle Dir - look around, f - activate Your transformation has ended.
One of your tentacles grows a vicious spike.
You feel very sick.
Eustachio mumbles some strange words.
You feel very sick.
Eustachio hits you with a +3 rapier of venom.
You are more poisoned.
The crimson imp hits you.
You climb upwards.
The crimson imp disappears in a puff of smoke!
The white imp disappears in a puff of smoke!
You feel extremely sick.
There is a stone staircase leading down here.
You tentacle-slap Eustachio but do no damage.
Your grab misses Eustachio.
You pierce Eustachio, but do no damage.
Eustachio is heavily wounded.
* * * LOW HITPOINT WARNING * * *
You feel very sick.
Eustachio hits you with a +3 rapier of venom.
* * * LOW HITPOINT WARNING * * *
It was a potion of degeneration.
There was something very wrong with that liquid.
You feel weakened.
You feel dopey.
You feel clumsy.
* * * LOW HITPOINT WARNING * * *
You feel very sick.
Eustachio hits you with a +3 rapier of venom!
You die...

#.................#
#.###############.#
#.###############.####
#.##.................##########
#.##.############.#............
#.##.# #.#..#####..... #.##.#
##.#.#.# ##.### #.##.#
######.....## #.# #.##.#
#.[.@@....## #.# ##.##.#
#.####....## #.# #..##.# #.#
##..#.######.# #.###.# #.#
#.###....(..# #.# #.### ##.##
##.#.##########
#.###...###...## ##.## #...
#.##.....#.#.#.## #.# #.##
#.#.............# #.# #.#
#.#......#.###.### #.# #.#


You could see Eustachio (very poisoned).

Vanquished Creatures
  An orc warrior (D:4)
  A black bear (D:5)
  An ice beast (D:5)
  2 phantoms (D:4)
  3 scorpions
  A howler monkey (D:5)
  An orc priest (D:5)
  A hound (D:6)
  Crazy Yiuf (D:4)
  Natasha (thrice) (D:4)
  A scorpion zombie (D:5)
  A hound skeleton (D:5)
  Robin (D:4)
  6 gnolls
  A howler monkey skeleton (D:5)
  4 adders
  An ufetubus (D:3)
  A dart slug (D:1)
  9 orcs
  A ball python (D:1)
  10 endoplasms
  8 giant cockroaches
  7 hobgoblins
  8 jackals
  3 quokkas
  6 bats
  3 frilled lizards
  12 goblins
  6 kobolds
  4 rats
108 creatures vanquished.

Vanquished Creatures (others)
  3 fungi (D:4)
3 creatures vanquished.

Grand Total: 111 creatures vanquished

Notes
Turn   | Place    | Note
-------+----------+-------------------------------------------
     0 | D:1      | buhh the Octopode Transmuter began the quest for the Orb.
     0 | D:1      | Reached XP level 1. HP: 13/13 MP: 3/3
     1 | D:1      | Found a runed translucent door.
   331 | D:1      | Reached XP level 2. HP: 16/18 MP: 5/5
   733 | D:1      | Found a faded altar of an unknown god.
  1046 | D:1      | Reached XP level 3. HP: 24/24 MP: 4/6
  1310 | D:2      | You fall into a shaft and drop 2 floors!
  1310 | D:4      | Noticed Crazy Yiuf
  1310 | D:4      | Found a runed translucent door.
  1316 | D:4      | Killed Crazy Yiuf
  1317 | D:4      | Reached XP level 4. HP: 30/30 MP: 5/7
  1390 | D:4      | Noticed Natasha
  1403 | D:4      | Noticed Robin
  1735 | D:3      | Found a blossoming altar of Fedhas.
  2003 | D:3      | Reached XP level 5. HP: 25/36 MP: 8/8
  2272 | D:2      | Noticed Sigmund
  2678 | D:4      | Killed Robin
  2787 | D:4      | Noticed a phantom
  2817 | D:4      | Killed Natasha
  2933 | D:4      | Found a burning altar of Makhleb.
  2972 | D:4      | Found a broken altar of Ashenzari.
  3006 | D:5      | Entered Level 5 of the Dungeon
  3024 | D:5      | Reached XP level 6. HP: 13/43 MP: 7/9
  3234 | D:5      | Noticed an ice beast
  3361 | D:4      | Noticed an orc warrior
  4152 | D:5      | Learned a level 2 spell: Wereblood
  4156 | D:5      | Learned a level 3 spell: Spider Form
  4197 | D:5      | Reached XP level 7. HP: 34/48 MP: 10/10
  5100 | D:4      | Noticed Natasha
  5107 | D:4      | Killed Natasha
  5399 | D:4      | Noticed Natasha
  5420 | D:4      | Killed Natasha
  5963 | D:4      | Learned a level 4 spell: Ice Form
  6011 | D:5      | Reached XP level 8. HP: 54/54 MP: 9/11
  6592 | D:6      | Noticed Eustachio
  6613 | D:5      | Slain by Eustachio

Illustrated notes

Levels and vault maps discovered:
D:1:      dpeg_arrival_caged_fury, layout_loops_ring,
          hellmonk_ecumenical_altar_leap_of_faith, minmay_pentomino_t2
D:2:      layout_rooms, uniq_sigmund
D:3:      layout_basic, fedhas_altar_fruit_tree, minmay_bisected
D:4:      layout_layer_cave, cheibrodos_ashenzari_chains,
          mainiacjoe_overflow_paths, st_stairs_3, uniq_robin,
          uniq_crazy_yiuf_cottage, uniq_natasha
D:5:      layout_loops_ring
D:6:      cheibrodos_two_vegetables, layout_rooms,
          nicolae_sif_muna_condensation, minmay_temple_entry_hall,
          uniq_eustachio

Skill      XL: |  1  2  3  4  5  6  7  8 |
---------------+-------------------------+-----
Stealth        | 1 |  1.0
Fighting       | 2 3 4 |  4.0
Unarmed Combat | 4 5 |  5.0
Transmutations | 4 5 |  5.0
Ice Magic      | 1 4 5 |  5.5
Dodging        | |  2.0
Spellcasting   | |  2.0

Action                   |  1- 3 |  4- 6 |  7- 9 || total
-------------------------+-------+-------+-------++-------
Melee: Unarmed           |    74 |    95 |    77 ||   246
       Constrict         |    20 |    22 |    13 ||    55
       Kick              |    21 |    24 |    21 ||    66
       Tentacles         |    13 |    18 |    13 ||    44
       Punch             |     1 |     6 |     3 ||    10
 Cast: Beastly Appendage |    18 |    33 |    15 ||    66
       Spider Form       |       |       |    10 ||    10
Evoke: Wand              |       |    22 |       ||    22
  Use: Scroll            |     1 |     3 |       ||     4
       Potion            |       |       |     1 ||     1
 Stab: Sleeping          |     7 |     7 |     2 ||    16
       Paralysed         |       |     4 |       ||     4
Armor: Skin              |    10 |     5 |     2 ||    17
Dodge: Dodged            |    42 |    46 |    51 ||   139
